 Dungeon Crawl Stone Soup version 0.31.0-9-g3a7656b989 (webtiles) character file.

Game seed: 14002300902533076357

1096 Curundu the Cleaver (level 8, -2/106 HPs)
             Began as a Minotaur Berserker on Jan 24, 2024.
             Was an Elder of Trog.
             Killed by divine providence
             ... invoked by an orc priest
              (11 damage)
             ... on level 6 of the Dungeon.
             The game lasted 00:15:46 (4339 turns).

Curundu the Cleaver (Minotaur Berserker)            Turns: 4339, Time: 00:15:47

Health: -2/106     AC: 13    Str: 25    XL:     8   Next: 10%
Magic:  7/7        EV:  7    Int:  4    God:    Trog [****..]
Gold:   339        SH:  0    Dex:  4    Spells: 7/7 levels left

rFire   . . .        a - +0 hand axe
rCold   . . .        (no shield)
rNeg    . . .        l - +0 plate armour
rPois   .            (helmet restricted)
rElec   .            d - +0 cloak of the Turtle {Will++ Dex-5 Slay+4}
rCorr   .            (no gloves)
SInv    .            (no boots)
Will    ++...        (no amulet) Stlth
                     (no ring)
HPRegen 0.37/turn    (no ring)
MPRegen 0.10/turn

%: no passive effects
@: berserking (expiring), very quick
A: horns 2, retaliatory headbutt
a: Renounce Religion, Berserk, Trog's Hand, Brothers in Arms


You were on level 6 of the Dungeon.
You worshipped Trog.
Trog was greatly pleased with you.
You visited 1 branch of the dungeon, and saw 6 of its levels.

You collected 339 gold pieces.

Inventory:

Hand Weapons
 a - a +0 hand axe (weapon)
Missiles
 o - a throwing net (quivered)
 t - 2 boomerangs
Armour
 d - the +0 cloak of the Turtle (worn) {Will++ Dex-5 Slay+4}
   (You acquired it on level 1 of the Dungeon)

   Dex-5:     It affects your dexterity (-5).
   Slay+4:    It affects your accuracy & damage with ranged weapons and melee
   (+4).
   Will++:    It greatly increases your willpower.
 l - a +0 plate armour (worn)
Jewellery
 m - a ring of poison resistance
 p - a +6 ring of dexterity
Wands
 r - a wand of mindburst (17)
Scrolls
 b - 3 scrolls of teleportation
 h - a scroll of vulnerability
 i - 2 scrolls of fear
 q - 2 scrolls of immolation
 u - a scroll of enchant armour
Potions
 c - a potion of heal wounds
 e - a potion of haste
 f - a potion of resistance {unknown}
 g - a potion of cancellation {unknown}
 j - a potion of ambrosia {unknown}
 k - a potion of berserk rage {unknown}
 n - a potion of invisibility {unknown}
 s - a potion of mutation {unknown}


   Skills:
 + Level 6.3 Fighting
 + Level 8.7 Axes
 + Level 5.7 Armour
 + Level 3.2 Dodging
 + Level 1.5 Stealth


You had 7 spell levels left.
You didn't know any spells.
Your spell library was empty.

Dungeon Overview and Level Annotations

Branches:
Dungeon (6/15)             Temple (0/1) D:6

Altars:
Gozag
Kikubaaqudgha
Okawaru
Trog
Xom
The Shining One


Innate Abilities, Weirdness & Mutations

You have a pair of horns on your head.
You reflexively headbutt those who attack you in melee.


Message History

You feel stronger.
You barely miss the orc. You headbutt the orc.
You kill the orc!
Trog accepts your kill. The orc hits you but does no damage.
You slash the orc!
You kill the orc!
Trog accepts your kill.
You hit the orc wizard. The orc wizard barely misses you.
The orc hits you from afar with a +0 trident.
* * * LOW HITPOINT WARNING * * *
You barely miss the orc. You slash the orc wizard! You closely miss the orc.
You barely miss the orc wizard.
Your skin stops crawling.
You feel less strong-willed.
The orc wizard hits you but does no damage.
The orc barely misses you. The orc closely misses you.
You slash the orc!
You kill the orc!
Trog accepts your kill.
You slash the orc wizard!
You kill the orc wizard!
Trog accepts your kill.
Trog appreciates your killing of a magic user.
You barely miss the ufetubus. Your headbutt misses the ufetubus.
You slash the ufetubus!
The ufetubus hits you but does no damage. x2
The orc hits you but does no damage.
You miss the ufetubus. You barely miss the ufetubus.
The ufetubus barely misses you.
The ufetubus hits you but does no damage. x3
The orc barely misses you.
You slash the ufetubus!
You kill the ufetubus!
Trog accepts your kill.
You slash the ufetubus!
You kill the ufetubus!
Trog accepts your kill.
The orc priest calls down the wrath of Beogh upon you.
Beogh smites you!
You die...

#.## . #.# ###.## . ##.
.. #....† .. #..#.#
##..... #.. #.#..
#...... .... #.#.#
##....#P ....
#.#.#####...#...
...#..###...##....#...#P
......o@.).....##....###
......o##)#.#####....#
...#.........# #....# .
. #....#.##..# #.......
#.#...:. .........#..
..#.##.# .####....... #.
#. #.# .. #....##. >. ..
... ..


You could see an orc priest and an orc.

Vanquished Creatures
  An orc warrior (D:6)
  A centaur (D:5)
  2 scorpions (D:5)
  A howler monkey (D:5)
  A vampire bat (D:5)
  2 jellies
  4 hounds
  A quasit (D:5)
  An orc priest (D:6)
  A gnoll bouda (D:4)
  A sleepcap (D:6)
  Natasha (thrice) (D:2)
  2 iguanas (D:5)
  3 orc wizards
  3 gnolls (D:4)
  7 adders
  2 ufetubi (D:6)
  A ribbon worm (D:4)
  2 dart slugs
  14 orcs
  3 bat skeletons (D:5)
  3 bat zombies (D:5)
  9 endoplasms
  3 giant cockroaches
  12 goblins
  7 hobgoblins
  8 jackals
  A quokka (D:1)
  6 ball pythons
  3 bats
  4 frilled lizards
  5 hobgoblin zombies (D:5)
  4 kobolds
  4 kobold skeletons (D:5)
  A kobold zombie (D:5)
  An orc skeleton (D:5)
  2 orc zombies (D:5)
  3 rats
132 creatures vanquished.

Vanquished Creatures (others)
  An arcanist (D:4)
1 creature vanquished.

Grand Total: 133 creatures vanquished

Notes
Turn   | Place    | Note
-------+----------+-------------------------------------------
     0 | D:1      | Curundu the Minotaur Berserker began the quest for the Orb.
     0 | D:1      | Reached XP level 1. HP: 19/19 MP: 0/0
   290 | D:1      | Found a faded altar of an unknown god.
   349 | D:1      | Reached XP level 2. HP: 27/27 MP: 1/1
   496 | D:1      | Reached skill level 4 in Axes
   753 | D:1      | Identified a scroll of acquirement
   753 | D:1      | Acquired the +0 cloak of the Turtle {Will++ Dex-5 Slay+4}
   846 | D:2      | Noticed Natasha
   853 | D:2      | Killed Natasha
   854 | D:2      | Reached XP level 3. HP: 14/34 MP: 2/2
  1030 | D:2      | Reached ** piety under Trog
  1440 | D:2      | Noticed Natasha
  1444 | D:2      | Killed Natasha
  1445 | D:2      | Reached XP level 4. HP: 31/41 MP: 3/3
  1453 | D:2      | Noticed Natasha
  1460 | D:2      | Killed Natasha
  1461 | D:2      | Reached skill level 5 in Axes
  2290 | D:3      | Reached skill level 5 in Fighting
  2290 | D:3      | Reached XP level 5. HP: 40/48 MP: 4/4
  2831 | D:4      | Reached *** piety under Trog
  2838 | D:4      | Reached skill level 6 in Axes
  2952 | D:4      | Reached XP level 6. HP: 55/56 MP: 5/5
  3018 | D:4      | Found a bloodstained altar of Trog.
  3044 | D:4      | Noticed a wizard
  3046 | D:4      | Killed a wizard
  3202 | D:4      | Found an iron altar of Okawaru.
  3261 | D:5      | Entered Level 5 of the Dungeon
  3452 | D:5      | Reached skill level 1 in Stealth
  3569 | D:5      | Found a shimmering altar of Xom.
  3569 | D:5      | Found an opulent altar of Gozag.
  3621 | D:5      | Found a glowing golden altar of the Shining One.
  3660 | D:5      | Reached skill level 7 in Axes
  3660 | D:5      | Reached XP level 7. HP: 57/62 MP: 6/6
  3803 | D:5      | Reached skill level 5 in Armour
  3966 | D:5      | Reached **** piety under Trog
  4033 | D:5      | Found an ancient bone altar of Kikubaaqudgha.
  4166 | D:6      | Found a staircase to the Ecumenical Temple.
  4194 | D:6      | Reached skill level 8 in Axes
  4331 | D:6      | Reached XP level 8. HP: 9/71 MP: 7/7
  4339 | D:6      | Killed from afar by an orc priest

Illustrated notes

Levels and vault maps discovered:
D:1:      minmay_arrival_up_and_down, layout_loops_ring,
          dilly_ecumenical_altar_fadedgnrine, hangedman_decor_push,
          minmay_tromino_i4
D:2:      layout_loops_ring, uniq_natasha
D:3:      layout_loops_corners, corner_web_ring, chequers_arboretum
D:4:      layout_rooms, okawaru_altar_gauntlet_db, trog_wizard,
          serial_bayou_lagoon_a
D:5:      layout_gridville, nicolae_tso_besieged_by_evil,
          gammafunk_temple_overflow_elements, kennysheep_vampire_church,
          minmay_splitting_lines
D:6:      layout_rooms, minmay_temple_entry_gardened_gates

Skill      XL: |  1  2  3  4  5  6  7 |
---------------+----------------------+-----
Fighting       | 4 5 6 |  6.3
Axes           | 4 5 6 7 8 |  8.7
Armour         | 3 4 5 |  5.7
Dodging        | 3 |  3.2
Stealth        | 1 |  1.5

Action                     |  1- 3 |  4- 6 |  7- 9 || total
---------------------------+-------+-------+-------++-------
  Melee: Hand axe          |    49 |   151 |    64 ||   264
         Headbutt          |     4 |    31 |     7 ||    42
         Punch             |       |     1 |       ||     1
 Invoke: Trog's Hand       |       |       |     2 ||     2
         Berserk           |       |       |     1 ||     1
    Use: Scroll            |     7 |     3 |     1 ||    11
 Armour: Animal skin       |    17 |       |       ||    17
         Chain mail        |     2 |    10 |       ||    12
         Plate armour      |       |   103 |   117 ||   220
  Dodge: Dodged            |    26 |    62 |    31 ||   119
